 Dungeon Crawl Stone Soup version 0.31-a0-472-g43a2ca8e1b (webtiles) character file.

Game seed: 5338975902762523921

1061 MacCMillion the Summoner (level 8, 37/37 HPs)
             Began as a Felid Summoner on Aug 6, 2023.
             Was a Follower of Kikubaaqudgha.
             Quit the game on level 8 of the Dungeon.
             The game lasted 00:33:08 (9711 turns).

MacCMillion the Summoner (Felid Summoner)           Turns: 9711, Time: 00:33:08

Health: 37/37      AC:  2    Str:  4    XL:     8   Next: 6%
Magic:  18/18      EV: 22    Int: 20    God:    Kikubaaqudgha [*.....]
Gold:   456        SH:  5    Dex: 18    Spells: 6/19 levels left
                                        Lives:  0   Deaths: 2

rFire   . . .        (weapon unavailable)
rCold   . . .        (shield unavailable)
rNeg    + . .        (body armour unavailable)
rPois   .            (helmet unavailable)
rElec   .            (cloak unavailable)
rCorr   .            (gloves unavailable)
SInv    +            (boots unavailable)
Will    +....        o - amulet of reflection
Stlth   +++          h - +4 ring of slaying
HPRegen 0.26/turn    u - ring of positive energy
MPRegen 0.16/turn

%: reflection
@: quick
A: very small, claws 1, fangs 3, see invisible, speed 1, shaggy fur 2, stealthy
paws, no weapons or thrown items, no armour, multi-lived
a: Renounce Religion, Unearth Wretches


You were on level 8 of the Dungeon.
You worshipped Kikubaaqudgha.
Kikubaaqudgha was aware of your devotion.
You visited 2 branches of the dungeon, and saw 9 of its levels.
You also visited: Ossuary.

You collected 456 gold pieces.

Inventory:

Jewellery
 e - a ring of fire
 h - a +4 ring of slaying (left paw)
 o - an amulet of reflection (around neck)
 u - a ring of positive energy (right paw)
 w - a ring of protection from fire
Talismans
 q - a blade talisman
Wands
 t - a wand of digging (7)
Scrolls
 d - a scroll of blinking
 f - 5 scrolls of immolation {unknown}
 g - 2 scrolls of teleportation
 i - 3 scrolls of enchant weapon {unknown}
 j - 2 scrolls of butterflies
 n - a scroll of fear {unknown}
 p - 3 scrolls of identify
 r - a scroll of poison {unknown}
 s - a scroll of noise {unknown}
Potions
 a - a potion of magic
 b - 3 potions of curing
 c - a potion of degeneration
 k - 2 potions of heal wounds
 l - a potion of enlightenment
 m - a potion of lignification {unknown}
 v - a potion of brilliance {unknown}
 x - a potion of might {unknown}


   Skills:
 + Level 5.6 Fighting
 + Level 7.7 Dodging
 - Level 4.0 Stealth
 + Level 6.2 Spellcasting
 - Level 5.0 Hexes
 + Level 8.5 Summonings
 - Level 5.0 Air Magic


You had 6 spell levels left.
You knew the following spells:

 Your Spells              Type           Power      Damage    Failure   Level
a - Summon Small Mammal   Summ           100%       N/A       1%          1
b - Call Imp              Summ           80%        N/A       1%          2
c - Call Canine Familiar  Summ           40%        N/A       1%          3
d - Summon Guardian Gole  Hex/Summ       33%        N/A       1%          3
e - Summon Lightning Spi  Summ/Air       33%        N/A       6%          4

Your spell library contained the following spells:

 Spells                   Type           Power      Damage    Failure   Level
 Shock                    Conj/Air       64%        1d7       3%          1
 Confusing Touch          Hex            26%        N/A       4%          3
 Cigotuvi's Dreadful Rot  Necr/Pois/Air  24%        N/A       8%          2
 Kiss of Death            Conj/Necr      24%        2d7       11%         1
 Necrotise                Necr           24%        1d5       11%         1
 Blink                    Tloc           12%        N/A       16%         2
 Sublimation of Blood     Necr           6%         N/A       16%         2
 Gell's Gravitas          Tloc           6%         N/A       30%         3
 Ozocubu's Armour         Ice            6%         N/A       30%         3
 Teleport Other           Tloc           6%         N/A       30%         3
 Silence                  Hex/Air        13%        N/A       36%         5
 Animate Dead             Necr           6%         N/A       71%         4
 Dispel Undead            Necr           6%         3d8       71%         4
 Manifold Assault         Tloc           6%         N/A       71%         4
 Passage of Golubria      Tloc           6%         N/A       71%         4
 Petrify                  Tmut/Erth      6%         N/A       71%         4
 Arcjolt                  Conj/Air       8%         1d18      71%         5
 Metabolic Englaciation   Hex/Ice        8%         N/A       71%         5
 Agony                    Necr           6%         N/A       96%         5
 Irradiate                Conj/Tmut      3%         3d12      96%         5
 Dispersal                Tloc           3%         N/A       100%        6
 Simulacrum               Ice/Necr       3%         N/A       100%        6
 Lehudib's Crystal Spear  Conj/Erth      3%         10d2      100%        8
 Maxwell's Capacitive Co  Air            13%        ∞         100%        8


Dungeon Overview and Level Annotations

Branches:
Dungeon (8/15)             Temple (1/1) D:7         Ossuary (visited)
   Lair: D:8-11

Altars:
Ashenzari
Dithmenos
Elyvilon
Fedhas
Hepliaklqana
Kikubaaqudgha
Makhleb
Nemelex Xobeh
Okawaru
Qazlal
Ru
Sif Muna
Trog
Uskayaw
Vehumet
Wu Jian
Xom
Yredelemnul
Zin
The Shining One

Shops:
D:2 [

Annotations:
D:2 1 runed translucent door, Crazy Yiuf
D:4 Grinder
D:5 Blork the orc
D:6 exclusion: electric eel


Innate Abilities, Weirdness & Mutations

You have sharp claws.
You have razor-sharp teeth.
You have supernaturally acute eyesight. (SInv)
You cover ground quickly. (Speed+)
You are covered in thick fur. (AC +2)
Your paws help you pounce on unaware monsters.
You are incapable of wielding weapons or throwing items.
You cannot wear armour.
You gain extra lives every three experience levels.


Message History

The centaur shoots an arrow.
The arrow hits you!
Your hound bites the centaur but does no damage.
The centaur shoots an arrow.
The arrow hits you!
Your hound barely misses the centaur.
The centaur unwields a +0 orcbow.
You block the centaur's attack.
The centaur kicks you but does no damage.
You scratch the centaur.
The centaur is lightly wounded.
Your hound bites the centaur.
The centaur completely misses you.
The centaur kicks you but does no damage.
Your hound barely misses the centaur.
You completely miss the centaur. Your bite misses the centaur.
The centaur is heavily wounded.
The centaur zaps a wand.
The bolt of light hits you!
You are confused.
* * * LOW HITPOINT WARNING * * *
Your hound completely misses the centaur.
The centaur misses you. The centaur kicks you.
* * * LOW HITPOINT WARNING * * *
You feel better.
Your hound bites the centaur.
The centaur zaps a wand.
The bolt of light hits you!
* * * LOW HITPOINT WARNING * * *
Your hound bites the centaur.
The centaur zaps a wand.
The bolt of light hits your hound!!
Your hound dies!
Your hound's corpse disappears in a puff of smoke!
Your lightning spire disappears in a puff of smoke!
The centaur wields a +0 orcbow.
The centaur shoots an arrow.
The arrow hits you!
You die...
You are now level 8!
You rejoin the land of the living...
Unknown command.
Are you sure you want to abandon this character and quit the game? (Confirm with "yes".)
Okay, then.
Saving game... please wait.
Welcome back, MacCMillion the Felid Summoner.
Kikubaaqudgha says: Spread unending torment and darkness!
Press ? for a list of commands and other information.
Are you sure you want to abandon this character and quit the game? (Confirm with "yes".)

...##...........#......#
...##...#######'##.....#
...##...###.....##.....#
.......................#
.......<...............#
.......................#
...##########...##.[...#
...##...>####...##..[..#
................@[[....#
.......................#
.......................#
.......................#
.......................#
.......................#
##.####...#####'###....#
##.####...###...########
#................#


There were no monsters in sight!

Vanquished Creatures
  An orc (D:6)
  2 bats (D:1)
  2 goblins (D:1)
  2 hobgoblins
  2 jackals (D:1)
  A kobold (D:1)
10 creatures vanquished.

Vanquished Creatures (collateral kills)
  Prince Ribbit (D:8)
  A wyvern (D:7)
  A steam dragon (D:8)
  A water moccasin (D:6)
  An acid dragon (D:8)
  An orc warrior (D:6)
  An ice beast (D:6)
  2 sky beasts
  A black bear (D:7)
  An ogre (D:7)
  A centaur (D:7)
  A phantom (D:6)
  A kobold brigand (D:6)
  A bullfrog (D:8)
  3 scorpions
  5 wights (D:8)
  A howler monkey (D:4)
  A centaur zombie (Ossuary)
  4 jellies
  A human zombie (Ossuary)
  4 hounds
  An orc priest (D:5)
  6 iguanas
  3 orc wizards
  2 hound zombies (Ossuary)
  4 mummies
  11 gnolls
  3 adders
  3 white imps
  An ufetubus (D:6)
  An adder zombie (Ossuary)
  2 worms (D:2)
  2 dart slugs
  15 orcs
  4 ball pythons
  4 bats
  8 endoplasms
  3 giant cockroaches
  2 gnoll zombies (Ossuary)
  7 goblins
  3 hobgoblins
  5 jackals
  4 quokkas
  4 frilled lizards
  5 goblin zombies (Ossuary)
  7 hobgoblin zombies
  6 jackal zombies (Ossuary)
  14 kobolds
  4 kobold zombies (Ossuary)
  3 orc zombies (Ossuary)
  2 quokka zombies (Ossuary)
  5 rats
  4 rat zombies (Ossuary)
182 creatures vanquished.

Vanquished Creatures (others)
  A two-headed ogre (D:7)
  An acid dragon (D:8)
  An orc warrior (D:6)
  An ogre (D:7)
  A gnoll sergeant (D:8)
  5 wights (D:7)
  3 gnolls (D:8)
  An orc (D:6)
14 creatures vanquished.

Grand Total: 206 creatures vanquished

Notes
Turn   | Place    | Note
-------+----------+-------------------------------------------
     0 | D:1      | MacCMillion the Felid Summoner began the quest for the Orb.
     0 | D:1      | Reached XP level 1. HP: 7/7 MP: 4/4
   139 | D:1      | Reached XP level 2. HP: 11/11 MP: 4/6
   565 | D:1      | Reached XP level 3. HP: 14/14 MP: 4/7
   847 | D:1      | Learned a level 3 spell: Call Canine Familiar
   850 | D:1      | Learned a level 2 spell: Call Imp
  1158 | D:2      | Found a broken altar of Ashenzari.
  1547 | D:2      | Reached skill level 5 in Summonings
  1743 | D:2      | Found Woeroket's Antique Armour Boutique.
  1789 | D:2      | Found a runed translucent door.
  1790 | D:2      | Noticed Crazy Yiuf
  2198 | D:3      | Reached XP level 4. HP: 18/18 MP: 1/9
  3141 | D:4      | Reached XP level 5. HP: 21/21 MP: 5/10
  3425 | D:4      | Reached skill level 6 in Summonings
  3733 | D:4      | Noticed Grinder
  3889 | D:4      | Identified the +8 battleaxe of Qaewes {flame, Int+2}
  4125 | D:5      | Entered Level 5 of the Dungeon
  4374 | D:5      | Gained mutation: You are covered in thick fur. (AC +2)
                  | [Felid growth]
  4374 | D:5      | Reached XP level 6. HP: 24/24 MP: 1/12
  4457 | D:5      | Got the Papyrus of Meteoric Rot
  4462 | D:5      | Learned a level 3 spell: Summon Guardian Golem
  4653 | D:5      | Reached skill level 1 in Hexes
  4801 | D:5      | Reached skill level 1 in Fighting
  4920 | D:5      | Noticed Blork the orc
  5438 | D:6      | Noticed an ice beast
  5482 | D:6      | Killed an ice beast
  5483 | D:6      | Reached XP level 7. HP: 28/28 MP: 0/14
  5651 | D:6      | Found a sand-covered staircase.
  5726 | Ossuary  | Entered an ossuary
  5739 | Ossuary  | Learned a level 4 spell: Summon Lightning Spire
  6127 | Ossuary  | Reached skill level 7 in Summonings
  6372 | D:6      | Reached XP level 8. HP: 23/34 MP: 15/15
  6585 | D:6      | Reached skill level 5 in Hexes
  6677 | D:6      | Reached skill level 5 in Dodging
  6808 | D:6      | Reached skill level 1 in Air Magic
  7154 | D:6      | Reached skill level 5 in Spellcasting
  7513 | D:7      | Found a staircase to the Ecumenical Temple.
  7522 | Temple   | Entered the Ecumenical Temple
  7703 | Temple   | Became a worshipper of Kikubaaqudgha
  7852 | D:7      | Identified the +4 dagger of Laghoron {protect, rElec}
  7943 | D:7      | Noticed a two-headed ogre
  7956 | D:7      | Reached XP level 9. HP: 39/39 MP: 8/17
  7962 | D:7      | Killed a two-headed ogre
  8118 | D:7      | Found a glowing golden altar of the Shining One.
  8120 | D:7      | Found a white marble altar of Elyvilon.
  8190 | D:7      | Reached skill level 8 in Summonings
  8539 | D:7      | Found an iron altar of Okawaru.
  8544 | D:7      | Found a burning altar of Makhleb.
  8550 | D:7      | Found a radiant altar of Vehumet.
  8760 | D:8      | Noticed Prince Ribbit
  8800 | D:8      | Killed Prince Ribbit
  8801 | D:8      | Reached skill level 5 in Fighting
  8963 | D:8      | Reached skill level 5 in Air Magic
  9283 | D:8      | Reached XP level 10. HP: 44/44 MP: 9/20
  9291 | D:8      | Reached * piety under Kikubaaqudgha
  9291 | D:8      | Received a gift from Kikubaaqudgha
  9651 | D:8      | HP: 1/45 [centaur/bolt of light (22)]
  9653 | D:8      | Fell down a flight of stairs
  9654 | D:8      | Reached XP level 9. HP: 1/40 MP: 13/19
  9710 | D:8      | Shot with an arrow by a centaur
  9711 | D:8      | Reached XP level 8. HP: -6/37 MP: 15/18
  9711 | D:8      | Quit the game

Illustrated notes

Levels and vault maps discovered:
D:1:      minmay_arrival_diagonal_passages, layout_basic, serial_rivers,
          chequers_serial_rivers_small_a, chequers_serial_rivers_small_a,
          chequers_serial_rivers_large_a, chequers_serial_rivers_small_b,
          chequers_serial_rivers_room_b
D:2:      layout_basic, basic_altar, serial_shops, nicolae_shop_trees,
          uniq_crazy_yiuf_cottage
D:3:      layout_loops_corners
D:4:      layout_layer_cave, uniq_grinder
D:5:      layout_loops_ring, nicolae_kite_square_tiling_tiny, uniq_blork_the_orc
D:6:      cheibrodos_barr_body, layout_cave_pools, nicolae_ossuary_entry_giza,
          nicolae_lava_and_water, kennysheep_decorative_pillar,
          minmay_unpleasant_kobolds
D:7:      layout_basic, nicolae_overflow_hidden_temple,
          minmay_overflow_temple_star_quad, minmay_temple_entry_glass
D:8:      layout_gridville, nicolae_grassy_gnolls, uniq_prince_ribbit1
Temple:   regret_index_temple_waves

Skill      XL: |  1  2  3  4  5  6  7  8  9 |
---------------+----------------------------+-----
Summonings     | 5 6 7 8 |  8.5
Spellcasting   | 3 4 5 6 |  6.2
Hexes          | 2 4 5 |  5.0
Dodging        | 3 4 6 7 |  7.7
Fighting       | 1 2 4 5 |  5.6
Stealth        | 4 |  4.0
Air Magic      | 3 5 |  5.0

Action                     |  1- 3 |  4- 6 |  7- 9 | 10-12 || total
---------------------------+-------+-------+-------+-------++-------
  Melee: Unarmed           |    27 |     2 |    14 |       ||    43
         Bite              |     3 |       |     2 |       ||     5
   Cast: Summon Small Mamm |    51 |     2 |       |       ||    53
         Call Imp          |     9 |    29 |    34 |       ||    72
         Call Canine Famil |     6 |    37 |    47 |     3 ||    93
         Summon Guardian G |       |       |    15 |     1 ||    16
         Summon Lightning  |       |       |     5 |     5 ||    10
    Use: Scroll            |       |       |     7 |       ||     7
         Potion            |       |       |     1 |       ||     1
 Armour: Skin              |     4 |     2 |     3 |       ||     9
  Dodge: Dodged            |    40 |    38 |    57 |     4 ||   139
  Block: Other             |       |       |     1 |       ||     1

Table legend: (Time is in decaauts)
 A = Elapsed time spent in this place.
 B = Non-inter-level travel time spent in this place.
 C = Inter-level travel time spent in this place.
 D = Time resting spent in this place.
 E = Time spent auto-exploring this place.
 F = Levels seen in this place.
 G = Mean time per level.
                   A        B        C        D        E       F      G
               +--------+--------+--------+--------+--------+-----+--------+
         Total |   8610 |   8207 |    403 |   2575 |   2861 |  10 |  861.0 |
       Dungeon |   7900 |   7512 |    388 |   2264 |   2810 |   8 |  987.5 |
        Temple |    279 |    264 |     15 |    239 |      0 |   1 |  279.0 |
       Ossuary |    430 |    430 |      0 |     72 |     51 |   1 |  430.0 |
               +--------+--------+--------+--------+--------+-----+--------+

Top non-repeatable levels by time:
     D:6: 1327 daAuts
     D:4: 1146 daAuts
     D:1: 1019 daAuts
     D:5: 983 daAuts
     D:8: 904 daAuts
     D:2: 879 daAuts
     D:7: 845 daAuts
     D:3: 794 daAuts
 Ossuary: 430 daAuts
  Temple: 279 daAuts
